 Dungeon Crawl Stone Soup version 0.27.1-3-gb3d3a73c9e (webtiles) character file.

Game seed: 15979650221807248093

1810 Crownlay the Geomancer (level 9, -6/45 HPs)
             Began as a Gargoyle Earth Elementalist on Oct 17, 2021.
             Mangled by Edmund (12 damage)
             ... on level 5 of the Dungeon.
             The game lasted 00:13:48 (6096 turns).

Crownlay the Geomancer (GrEE)                       Turns: 6096, Time: 00:13:48

Health: -6/45      AC: 14    Str: 12    XL:     9   Next: 10%
Magic:  3/26       EV: 12    Int: 19    God:
Gold:   961        SH:  0    Dex: 13    Spells: 15/19 levels left

rFire    . . .     SeeInvis .   y - +0 demon trident (flame)
rCold    + . .     Faith    .   (no shield)
rNeg     + + .     Spirit   .   w - +1 robe {rC+}
rPois    ∞         Reflect  .   u - +2 hat
rElec    +         Harm     .   (no cloak)
rCorr    .         Rampage  .   D - +0 pair of gloves {Dex+3}
Will     .....                  s - +1 pair of boots
Stlth    ++........             (no amulet)
HPRegen  0.15/turn              r - ring of magical power
MPRegen  0.20/turn              o - ring of positive energy

@: no status effects
A: sickness immunity, AC +6, negative energy resistance 1, electricity
resistance, torment resistance 1, petrification resistance
a: no special abilities


You were on level 5 of the Dungeon.
You visited 1 branch of the dungeon, and saw 6 of its levels.

You collected 961 gold pieces.

Inventory:

Hand Weapons
 y - a +0 demon trident of flaming (weapon)
Missiles
 e - 6 silver boomerangs
 i - 17 poisoned darts
 p - 15 stones
Armour
 s - a +1 pair of boots (worn)
 u - a +2 hat (worn)
 w - a +1 robe of cold resistance (worn)
 D - a +0 pair of gloves of dexterity (worn)
Jewellery
 o - a ring of positive energy (right hand)
 r - a ring of magical power (left hand)
Wands
 n - a wand of iceblast (7)
 v - a wand of flame (4)
 C - a wand of digging (13)
Scrolls
 b - a scroll of blinking {unknown}
 f - a scroll of torment
 g - a scroll of identify
 j - 2 scrolls of holy word
 k - a scroll of enchant weapon {unknown}
 m - 2 scrolls of enchant armour
 q - a scroll of teleportation
 x - a scroll of immolation {unknown}
 z - a scroll of summoning {unknown}
 A - a scroll of noise {unknown}
 B - a scroll of amnesia {unknown}
Potions
 a - a potion of flight {unknown}
 c - a potion of curing
 d - 3 potions of heal wounds {unknown}
 h - a potion of resistance {unknown}
 l - 2 potions of degeneration {unknown}
 t - a potion of brilliance {unknown}


   Skills:
 - Level 1.5 Dodging
 - Level 2.1 Stealth
 + Level 5.8 Spellcasting
 * Level 6.8 Conjurations
 - Level 0.7 Transmutations
 + Level 9.5 Earth Magic


You had 15 spell levels left.
You knew the following spells:

 Your Spells              Type           Power      Damage    Failure   Level
a - Sandblast             Erth           82%        2d17      1%          1
b - Stone Arrow           Conj/Erth      72%        3d11      1%          3

Your spell library contained the following spells:

 Spells                   Type           Power      Damage    Failure   Level
 Passwall                 Tmut/Erth      20%        N/A       2%          2
 Mephitic Cloud           Conj/Pois/Air  14%        N/A       13%         3
 Petrify                  Tmut/Erth      25%        N/A       14%         4
 Leda's Liquefaction      Hex/Erth       11%        N/A       16%         4
 Sticky Flame             Conj/Fire      18%        2d4       28%         4
 Bolt of Magma            Conj/Fire/Erth 13%        4d8       32%         5
 Portal Projectile        Hex/Tloc       10%        N/A       34%         3
 Fireball                 Conj/Fire      9%         3d6       61%         5
 Blade Hands              Tmut           4%         N/A       93%         5
 Excruciating Wounds      Necr           2%         N/A       97%         5
 Statue Form              Tmut/Erth      Unusable   N/A       N/A         6

Dungeon Overview and Level Annotations

Branches:
Dungeon (6/15)
 Temple: D:4-7

Altars:
Okawaru

Shops:
D:3 [

Annotations:
D:5 Edmund
D:6 Menkaure


Innate Abilities, Weirdness & Mutations

You are immune to sickness and miasma.
Your stone body is resilient. (AC +6)
You are immune to poison.
You resist negative energy. (rN+)
You are resistant to electric shocks. (rElec)
You are resistant to unholy torment.
You are immune to petrification.


Message History

The stone arrow hits the bullfrog zombie!!
You destroy the bullfrog zombie!
Edmund barely misses you.
Edmund hits you with a +2 flail of protection.
The adder bites you but does no damage.
The stone arrow hits Edmund but does no damage.
Edmund barely misses you. The adder closely misses you.
The stone arrow misses Edmund.
Edmund barely misses you. The adder bites you but does no damage.
Edmund completely misses you. The adder bites you but does no damage.
The stone arrow misses Edmund.
Edmund hits you with a +2 flail of protection!
The adder closely misses you.
The stone arrow hits Edmund!
Edmund is moderately wounded.
Edmund barely misses you. The adder bites you but does no damage.
Edmund barely misses you.
The stone arrow hits Edmund.
Edmund is moderately wounded.
The adder closely misses you. Edmund barely misses you.
Edmund closely misses you. The adder bites you but does no damage.
Menkaure, Prince of Dust comes into view.
Edmund hits you with a +2 flail of protection.
Edmund barely misses you. The adder bites you but does no damage.
Edmund hits you with a +2 flail of protection.
You see here 15 gold pieces.
Edmund closely misses you.
Edmund hits you with a +2 flail of protection!
* * * LOW HITPOINT WARNING * * *
Menkaure calls on the powers of darkness!
Edmund convulses!
The adder convulses!
You feel a surge of unholy energy. The adder misses you.
There is a stone staircase leading up here.
Edmund misses you. The adder bites you but does no damage.
Edmund hits you with a +2 flail of protection.
* * * LOW HITPOINT WARNING * * *
You climb upwards.
There is a stone staircase leading down here.
Edmund hits you with a +2 flail of protection!
You die...

.....#...[..)..)........[#......'
.....#..................(#......#
.....#...................'......#
####.#...................#####...
####.###########...............##
..#......#.....'.).............#
..#......#.....#..[............#
..#......#.....#...............#
..#......#.....#@[.)...........#
..#......#.....#S@.............#
..#......#.....#.[.............##
..#......#.....#.................
####'###########.................
.<...............................
.................................
.................................
..............................(..


You could see Edmund (berserk) and an adder.

Vanquished Creatures
  Pikel (D:5)
  Grinder (D:5)
  Sigmund (D:2)
  A water moccasin (D:5)
  A scorpion (D:5)
  A water moccasin skeleton (D:5)
  2 bullfrog zombies
  5 orc priests
  3 hounds
  2 jellies
  A centaur skeleton (D:5)
  Ijyb (D:5)
  Terence (D:2)
  An iguana (D:5)
  4 orc wizards (D:5)
  Robin (D:2)
  A howler monkey zombie (D:5)
  10 adders
  A gnoll (D:1)
  A white imp (D:5)
  A worm (D:3)
  3 dart slugs
  9 orcs
  4 ball pythons (D:2)
  4 bats
  7 endoplasms
  4 giant cockroaches
  13 hobgoblins
  3 jackals (D:3)
  4 quokkas
  4 frilled lizards
  11 goblins
  11 kobolds
  A quokka skeleton (D:4)
  6 rats
125 creatures vanquished.

Notes
Turn   | Place    | Note
-------+----------+-------------------------------------------
     0 | D:1      | Crownlay the Gargoyle Earth Elementalist began the quest
                  | for the Orb.
     0 | D:1      | Reached XP level 1. HP: 10/10 MP: 3/3
    92 | D:1      | Reached skill level 4 in Earth Magic
    92 | D:1      | Reached XP level 2. HP: 10/15 MP: 1/5
   632 | D:1      | Reached XP level 3. HP: 15/19 MP: 6/6
  1201 | D:2      | Noticed Terence
  1224 | D:2      | Killed Terence
  1225 | D:2      | Reached skill level 5 in Earth Magic
  1225 | D:2      | Reached XP level 4. HP: 1/24 MP: 0/8
  1763 | D:2      | Learned a level 3 spell: Stone Arrow
  1849 | D:2      | Found a faded altar of an unknown god.
  1999 | D:2      | Noticed Sigmund
  2004 | D:2      | Killed Sigmund
  2005 | D:2      | Reached skill level 7 in Earth Magic
  2005 | D:2      | Reached XP level 5. HP: 22/28 MP: 5/10
  2005 | D:2      | Reached XP level 6. HP: 25/32 MP: 5/11
  2235 | D:2      | Noticed Robin
  2259 | D:2      | Killed Robin
  2555 | D:3      | Found an iron altar of Okawaru.
  2632 | D:3      | Found Dyrodghi's Armour Shop.
  3124 | D:3      | Got the Tome of the Burning Birds
  3169 | D:3      | Noticed a black bear
  3546 | D:4      | Identified a scroll of acquirement
  3547 | D:4      | Acquired 756 gold pieces
  3853 | D:4      | Reached XP level 7. HP: 29/36 MP: 6/13
  3858 | D:4      | Reached skill level 1 in Conjurations
  4492 | D:5      | Entered Level 5 of the Dungeon
  4518 | D:5      | Noticed Ijyb
  4524 | D:5      | Killed Ijyb
  4744 | D:5      | Reached skill level 8 in Earth Magic
  5071 | D:5      | Reached XP level 8. HP: 41/41 MP: 15/15
  5259 | D:5      | Noticed Grinder
  5269 | D:5      | Killed Grinder
  5270 | D:5      | Reached skill level 5 in Spellcasting
  5270 | D:5      | Reached skill level 5 in Conjurations
  5407 | D:5      | Reached skill level 9 in Earth Magic
  6005 | D:6      | Noticed Pikel
  6006 | D:6      | Noticed Edmund
  6011 | D:5      | Killed Pikel
  6012 | D:5      | Reached XP level 9. HP: 45/45 MP: 13/17
  6089 | D:6      | Noticed Menkaure
  6096 | D:5      | Mangled by Edmund

Illustrated notes

Levels and vault maps discovered:
D:1:      grunt_arrival_lava_bath, layout_rooms
D:2:      layout_basic, hellmonk_ecumenical_altar_crossroads, minivault_27,
          uniq_robin, uniq_terence, uniq_sigmund
D:3:      minmay_spotlight, layout_rooms, okawaru_metal_pillars_1_2,
          serial_shops, nicolae_diamond_shop, lightli_corner_chamber
D:4:      layout_basic, st_stairs_8, hangedman_abyss_or_decor_lesser_grid
D:5:      layout_gridville, minmay_checkerbox, uniq_grinder, uniq_ijyb
D:6:      layout_rooms, grunt_ministairs_5, uniq_menkaure, uniq_edmund,
          uniq_pikel

Skill      XL: |  1  2  3  4  5  6  7  8 |
---------------+-------------------------+-----
Earth Magic    | 4 5 7 8 9 |  9.5
Spellcasting   | 3 4 5 |  5.8
Conjurations   | 3 6 |  6.8
Dodging        | |  1.5
Stealth        | |  2.1
Transmutations | |  0.7

Action                   |  1- 3 |  4- 6 |  7- 9 || total
-------------------------+-------+-------+-------++-------
Melee: Short sword       |    46 |       |       ||    46
       Whip              |    11 |    63 |       ||    74
       Dagger            |       |   101 |     2 ||   103
 Cast: Sandblast         |    18 |    37 |    48 ||   103
       Stone Arrow       |       |    11 |    36 ||    47
  Use: Scroll            |       |     6 |       ||     6
 Stab: Sleeping          |       |     1 |     1 ||     2
Armor: Robe              |    25 |    84 |    25 ||   134
Dodge: Dodged            |    30 |   123 |    41 ||   194
